 Dungeon Crawl Stone Soup version 0.18.1-50-g88ac8fd (webtiles) character file.

1253 Miyamura the Charlatan (level 8, 0/53 HPs)
             Began as a Mottled Draconian Artificer on Sept 19, 2016.
             Slain by a phantom (6 damage)
             ... on level 5 of the Dungeon.
             The game lasted 00:24:18 (8112 turns).

Miyamura the Charlatan (DrAr)                       Turns: 8112, Time: 00:24:19

Health: 0/53       AC:  8    Str: 14    XL:     8   Next: 26%
Magic:  23/23      EV: 19    Int: 14    God:
Gold:   156        SH:  0    Dex: 17    Spells: 0 memorised, 15 levels left

rFire  + . .     SeeInvis .     C - +3 dagger (chaos)
rCold  . . .     Gourm    .     (armour unavailable)
rNeg   . . .     Faith    .     (no shield)
rPois  .         Spirit   .     (helmet restricted)
rElec  +         Dismiss  .     d - +0 cloak
rCorr  .         Reflect  .     (no gloves)
SustAt .         Harm     .     p - +0 pair of boots
MR     +....                    (no amulet)
Stlth  +++.......               (no ring)
                                y - ring of magical power

@: agile, drained, somewhat resistant to hostile enchantments, fairly stealthy
A: breathe sticky flame splash, unfitting armour, fire resistance 1, frail 2,
magic resistance 1, electricity resistance, cold-blooded, AC +6
a: Breathe Sticky Flame


You were on level 5 of the Dungeon.
You were not hungry.

You visited 1 branch of the dungeon, and saw 5 of its levels.

You collected 156 gold pieces.

Inventory:

Hand Weapons
 m - a +1 dagger of protection
 v - a +1 short sword of speed
 C - a +3 dagger of chaos (weapon)
Missiles
 e - 239 stones (quivered)
 n - 5 poisoned needles
Armour
 d - a +0 cloak (worn)
 p - a +0 pair of boots (worn)
Jewellery
 y - a ring of magical power (left hand)
Wands
 b - a wand of flame (11/48)
 c - a wand of enslavement (12/24)
 w - a wand of random effects (10/48)
Scrolls
 h - 2 scrolls of remove curse
 i - a scroll of enchant weapon
 j - 2 scrolls of teleportation
 k - 2 scrolls of magic mapping
 l - 2 scrolls of recharging
 t - a scroll of immolation {unknown}
 B - a scroll of fog {unknown}
 E - a scroll of blinking {unknown}
Potions
 a - a potion of cancellation {unknown}
 o - 2 potions of brilliance {unknown}
 q - 2 potions of resistance
 r - a potion of flight {unknown}
 s - 2 potions of curing
 u - a potion of beneficial mutation {unknown}
 A - a potion of agility
 D - a potion of heal wounds {unknown}
Comestibles
 f - 2 bread rations
 g - 5 fruits
 x - a meat ration
 F - a beef jerky


   Skills:
 + Level 4.7(3.8) Fighting
 - Level 1.0(0.2) Short Blades
 + Level 4.4(3.6) Dodging
 + Level 4.4(3.6) Stealth
 + Level 4.0(3.2) Spellcasting
 + Level 5.1(4.2) Evocations


You had 15 spell levels left.
You didn't know any spells.

Dungeon Overview and Level Annotations

Branches:
Dungeon (5/15)
 Temple: D:4-7

Altars:
Ashenzari
Elyvilon
Gozag
Makhleb
Okawaru
Pakellas
Ru
Trog
Xom

Annotations:
D:4 appiemonkey's ghost, novice MiFi
D:5 Duraxyll's ghost, amateur DsBe


Innate Abilities, Weirdness & Mutations

You can spit globs of burning liquid.
You can ignite nearby creatures when you spit burning liquid.
Your weird mottled scales are hard (AC +6).
Your body does not fit into most forms of armour.
You are cold-blooded and may be slowed by cold attacks.
Your flesh is heat resistant.
You are very frail (-20% HP).
You are resistant to hostile enchantments.
You are resistant to electric shocks.


Message History

The phantom is moderately damaged.
The phantom hits you.
* * * LOW HITPOINT WARNING * * *
You miss the phantom.
The phantom is moderately damaged.
The phantom hits you but does no damage.
You closely miss the phantom.
The phantom is moderately damaged.
The phantom hits you.
* * * LOW HITPOINT WARNING * * *
You hit the phantom but do no damage.
The phantom is moderately damaged.
The phantom misses you.
You hit the phantom but do no damage.
The phantom is moderately damaged.
The phantom closely misses you.
You hit the phantom.
The phantom is heavily damaged.
The phantom hits you.
You die...

...............#.#...#.###.#.#
.####.......##.#.........#.#.#
#....###.# .#...#.#...#.#.#
........# #.# #..#..#.##..#.#
#.##....###.# #..#.......##.#
# .......... #).#..#.#.....#
........... #..#<.#.#.#####
#...........###..#.##.#.#
.........W@.#....#.#
.#####.###.#.##.#.# #####.#
#.######.# #.....# #.. #.# ..
#.##### #### ...###.#######
.....!.ยง......#
....=.........#
.....$.!......#


You could see a phantom.

Vanquished Creatures
  A basilisk (D:3)
  A warg (D:5)
  2 ogres (D:4)
  A giant frog (D:3)
  2 crimson imps
  A centaur zombie (D:5)
  A hound (D:4)
  3 orc priests
  A centaur skeleton (D:4)
  A jelly (D:5)
  Natasha (thrice) (D:2)
  4 orc wizards
  2 worker ants
  Robin (D:1)
  10 adders
  An ooze (D:3)
  2 adder skeletons (D:5)
  2 worms
  2 dart slugs
  A giant gecko (D:3)
  13 orcs
  6 giant cockroaches
  23 goblins
  10 hobgoblins
  10 jackals
  6 kobolds
  10 bats
  8 giant newts
  6 rats
134 creatures vanquished.

Vanquished Creatures (others)
  A killer bee (D:4)
  An adder (D:2)
2 creatures vanquished.

Grand Total: 136 creatures vanquished

Notes
Turn   | Place    | Note
--------------------------------------------------------------
     0 | D:1      | Miyamura the Draconian Artificer began the quest for the Orb.
     0 | D:1      | Reached XP level 1. HP: 16/16 MP: 3/3
   139 | D:1      | Reached skill level 1 in Stealth
   466 | D:1      | Reached XP level 2. HP: 19/23 MP: 4/4
  1273 | D:1      | Reached skill level 1 in Spellcasting
  1385 | D:1      | Reached XP level 3. HP: 24/29 MP: 5/5
  1848 | D:2      | Noticed Natasha
  1858 | D:2      | Killed Natasha
  1989 | D:2      | Noticed Natasha
  2007 | D:2      | Noticed Robin
  2037 | D:2      | Reached XP level 4. HP: 30/36 MP: 6/6
  2209 | D:1      | Killed Robin
  2405 | D:2      | Killed Natasha
  2585 | D:2      | Noticed Natasha
  2637 | D:2      | Killed Natasha
  2637 | D:2      | Reached XP level 5. HP: 37/42 MP: 7/7
  2846 | D:2      | Found a bloodstained altar of Trog.
  2846 | D:2      | Found an iron altar of Okawaru.
  2908 | D:2      | Found a white marble altar of Elyvilon.
  2908 | D:2      | Found a sacrificial altar of Ru.
  2909 | D:2      | Found an opulent altar of Gozag.
  3390 | D:3      | Found an oddly glowing altar of Pakellas.
  3670 | D:3      | Found a shattered altar of Ashenzari.
  3689 | D:3      | Gained mutation: You are frail (-10% HP). [potion of mutation]
  3689 | D:3      | Gained mutation: You are resistant to hostile enchantments. [potion of mutation]
  3690 | D:3      | Gained mutation: You are very frail (-20% HP). [potion of mutation]
  3690 | D:3      | Gained mutation: You are resistant to electric shocks. [potion of mutation]
  3690 | D:3      | Gained mutation: Your flesh is heat resistant. [potion of mutation]
  3787 | D:3      | Reached XP level 6. HP: 28/40 MP: 9/9
  4625 | D:3      | Noticed a basilisk
  4625 | D:3      | an ogre changed into a basilisk
  4628 | D:3      | Killed a basilisk
  4628 | D:3      | Reached skill level 4 in Evocations
  4628 | D:3      | Your scales start taking on a weird mottled colour.
  4628 | D:3      | Reached XP level 7. HP: 45/45 MP: 11/11
  4723 | D:3      | Found a shimmering altar of Xom.
  4724 | D:3      | Found a burning altar of Makhleb.
  4729 | D:3      | Paralysed by a crimson imp for 7 turns
  5327 | D:4      | Noticed appiemonkey's ghost (novice MiFi)
  7221 | D:5      | Entered Level 5 of the Dungeon
  7244 | D:5      | Reached XP level 8. HP: 37/53 MP: 13/13
  7457 | D:5      | Found an opulent altar of Gozag.
  7517 | D:5      | Noticed Duraxyll's ghost (amateur DsBe)
  7809 | D:5      | Reached skill level 5 in Evocations
  8112 | D:5      | Slain by a phantom

Skill      XL: |  1  2  3  4  5  6  7  8 |
---------------+-------------------------+-----
Dodging        | 2 3 4 |  4.4
Stealth        | 1 2 3 4 |  4.4
Spellcasting   | 1 2 3 4 |  4.0
Fighting       | 2 3 4 |  4.7
Evocations     | 4 5 |  5.1
Short Blades   | |  1.0

Action                   |  1- 3 |  4- 6 |  7- 9 || total
-------------------------+-------+-------+-------++-------
Melee: Short sword       |   140 |   230 |    16 ||   386
       Tailslap          |    11 |    21 |    22 ||    54
       Dagger            |       |       |   205 ||   205
 Abil: Breathe Sticky Fl |       |       |     3 ||     3
Evoke: Wand              |     6 |    12 |    20 ||    38
  Use: Scroll            |       |     6 |     6 ||    12
       Potion            |       |     3 |     3 ||     6
 Stab: Sleeping          |     1 |     2 |     1 ||     4
       Distracted        |       |     1 |       ||     1
       Confused          |       |       |     2 ||     2
       Petrifying        |       |       |     1 ||     1
  Eat: Chunk             |     4 |     8 |    10 ||    22
       Pizza             |       |       |     1 ||     1
Armor: Skin              |    56 |    54 |    58 ||   168
Dodge: Dodged            |   111 |    96 |   159 ||   366
